 Dungeon Crawl Stone Soup version 0.20.1-1-g8b1a95d (webtiles) character file.

305 KoningWillie the Slasher (level 6, 0/48 HPs)
             Began as a Demonspawn Berserker on Sept 24, 2017.
             Was a Priest of Trog.
             Slain by an orc priest
             ... wielding a +0 hand axe
              (3 damage)
             ... on level 4 of the Dungeon.
             The game lasted 00:07:43 (5607 turns).

KoningWillie the Slasher (Demonspawn Berserker)     Turns: 5607, Time: 00:07:44

Health: 0/48       AC:  5    Str: 19    XL:     6   Next: 15%
Magic:  6/6        EV: 11    Int:  9    God:    Trog [***...]
Gold:   178        SH:  0    Dex: 12    Spells: 5/5 levels left

rFire    . . .     SeeInvis .   a - +0 falchion
rCold    . . .     Gourm    +   (no shield)
rNeg     . . .     Faith    .   j - +0 ring mail
rPois    .         Spirit   .   (helmet restricted)
rElec    .         Reflect  .   (no cloak)
rCorr    .         Harm     .   (no gloves)
MR       .....                  (no boots)
Stlth    +.........             m - amulet of the gourmand
Regen    0.2/turn               (no ring)
MPRegen  0.1/turn               (no ring)

@: no status effects
A: antennae 1
a: Berserk, Trog's Hand, Burn Spellbooks, Renounce Religion


You were on level 4 of the Dungeon.
You worshipped Trog.
Trog was most pleased with you.
You were very full.

You visited 1 branch of the dungeon, and saw 4 of its levels.

You collected 178 gold pieces.

Inventory:

Hand Weapons
 a - a +0 falchion (weapon)
Armour
 b - a +0 animal skin
 j - a +0 ring mail (worn)
Jewellery
 g - an uncursed amulet of guardian spirit
 l - a cursed ring of loudness
 m - an amulet of the gourmand (around neck)
 o - an uncursed amulet of faith
Wands
 q - a wand of flame (19/48)
Scrolls
 c - a scroll of fog {unknown}
 e - a scroll of fear {unknown}
 f - a scroll of remove curse {unknown}
 i - 2 scrolls of teleportation
 k - a scroll of enchant weapon {unknown}
 v - a scroll of blinking {unknown}
 x - a scroll of identify
 y - a scroll of random uselessness {unknown}
Potions
 d - a potion of might {unknown}
 h - a potion of brilliance {unknown}
 n - 2 potions of curing
 s - a potion of agility {unknown}
 t - a potion of flight {unknown}
 u - a potion of lignification {unknown}
Comestibles
 p - 2 bread rations
 r - a royal jelly
 w - a meat ration


   Skills:
 + Level 4.0 Fighting
 + Level 4.8 Long Blades
 + Level 3.3 Armour
 - Level 2.0 Dodging


You had 5 spell levels left.
You didn't know any spells.

Dungeon Overview and Level Annotations

Branches:
Dungeon (4/15)             Temple (0/1) D:4

Altars:

Shops:
D:4 *


Innate Abilities, Weirdness & Mutations

You have a pair of small antennae on your head.


Message History

The orc wizard hits you but does no damage.
The orc hits you but does no damage.
The orc priest mumbles some strange prayers to Beogh against you.
Beogh smites you!
* * * LOW HITPOINT WARNING * * *
The orc wizard hits you but does no damage.
The orc completely misses you.
You riposte.
You hit the orc.
The orc is heavily wounded.
The orc priest hits you but does no damage.
It was a potion of curing.
You feel better.
You feel yourself speed up.
The orc wizard gestures wildly while chanting.
The orc wizard blinks!
The orc priest invokes the aid of Beogh against you.
Pain shoots through your body!
* * * LOW HITPOINT WARNING * * *
The orc hits you with a dagger.
* * * LOW HITPOINT WARNING * * *
The orc priest hits you with a hand axe.
You die...

.>............###
.................... ..
...................... .
#....................# .(
#.###.............>...
...##....................#
..........................
............##............
.......o.@................
........o.................
..o.......................
....$.....................
..........................
..........................
...........#..........####
###..#######..............
#.........####.


You could see an orc priest, an orc wizard and an orc.

Vanquished Creatures
  2 howler monkeys (D:4)
  A bullfrog skeleton (D:4)
  7 adders
  2 oozes
  4 worms
  A dart slug (D:1)
  3 leopard geckos
  6 orcs (D:3)
  2 ball pythons
  7 giant cockroaches
  13 goblins
  9 hobgoblins
  13 jackals
  7 kobolds
  4 quokkas
  3 bats
  10 frilled lizards
  A leopard gecko skeleton (D:4)
  7 rats
102 creatures vanquished.

Notes
Turn   | Place    | Note
-------+----------+-------------------------------------------
     0 | D:1      | KoningWillie the Demonspawn Berserker began the quest for the Orb.
     0 | D:1      | Reached XP level 1. HP: 18/18 MP: 1/1
   297 | D:1      | Gained mutation: You have a pair of small antennae on your head. [demonic ancestry]
   297 | D:1      | Reached XP level 2. HP: 24/24 MP: 2/2
   690 | D:1      | Reached ** piety under Trog
   794 | D:1      | Reached XP level 3. HP: 27/29 MP: 3/3
  1434 | D:2      | Reached XP level 4. HP: 25/35 MP: 4/4
  3575 | D:3      | Reached *** piety under Trog
  3846 | D:3      | Reached XP level 5. HP: 40/42 MP: 5/5
  5327 | D:4      | Reached XP level 6. HP: 48/48 MP: 6/6
  5464 | D:4      | Found a staircase to the Ecumenical Temple.
  5513 | D:4      | Found Reaklyde's General Store.
  5607 | D:4      | Slain by an orc priest

Skill      XL: |  1  2  3  4  5 |
---------------+----------------+-----
Long Blades    | 3 4 |  4.8
Dodging        | 2 |  2.0
Armour         | 2 3 |  3.3
Fighting       | 4 |  4.0

Action                   |  1- 3 |  4- 6 || total
-------------------------+-------+-------++-------
Melee: Falchion          |   103 |   247 ||   350
  Use: Scroll            |     3 |     2 ||     5
       Potion            |       |     1 ||     1
  Eat: Chunk             |     7 |    13 ||    20
       Bread ration      |     1 |       ||     1
Armor: Ring mail         |    42 |   111 ||   153
       Animal skin       |     1 |       ||     1
Dodge: Dodged            |    71 |   182 ||   253
       Rpst.: Falchion   |    24 |    62 ||    86
